Map: [ESL] Solaris

Players

Silky

  • Race: Zerg Zerg
  • Spawn Location: 7:00

Oliveira - Winner!

  • Race: Terran Terran
  • Spawn Location: 1:00

Event: ESL SC2 Masters 2023 Winter (Regional)

VOD

Have the link to the VOD?

Description

Time

  • Played on: Oct. 27, 2023, 7:29 a.m.
  • Length: 10:43

All games in this series

Show
View Real Time Build Order
Export as new Build Order

Silky Zerg 

Build Orders: Hatch First 

Get SALT Encoding   

  12  0:00  Drone  
  13  0:07  Drone  
  14  0:35  Hatchery  
  13  0:36  Drone  
  13  0:41  Extractor  
  13  0:42  Drone  
  14  0:49  Overlord  
  15  1:04  Spawning Pool  
  15  1:08  Drone  
  15  1:10  Drone  
  16  1:14  Drone  
  17  1:20  Drone  
  18  1:27  Extractor  
  18  1:30  Drone  
  18  1:41  Drone  
  19  1:47  Drone  
  19  1:50  Queen x2  
  19  1:53  Drone  
  25  2:00  Drone  
  26  2:02  Overlord  
  26  2:11  Drone  
  26  2:13  Drone  
  28  2:20  Evolution Chamber  
  27  2:25  Zergling x2  
  27  2:26  Zergling x2  
  30  2:31  Queen  
  30  2:33  Metabolic Boost  
  32  2:37  Zergling x4  
  32  2:41  Overlord  
  34  2:50  Drone  
  35  3:01  Drone x7  
  42  3:10  Drone x2  
  43  3:16  Overlord  
  43  3:25  Hatchery  
  42  3:28  Overlord  
  42  3:30  Drone  
  43  3:34  Drone, Evolution Chamber  
  43  3:38  Drone x2  
  45  3:45  Drone x4  
  49  3:49  Queen  
  49  3:54  Queen  
  53  3:56  Drone x2  
  53  4:01  Zerg Ground Armor Level 1  
  55  4:05  Overlord  
  55  4:10  Overlord x2  
  55  4:12  Zergling x2  
  55  4:16  Drone x2  
  58  4:24  Overlord  
  58  4:26  Overlord  
  58  4:28  Zergling x2  
  59  4:33  Zergling x6, Baneling Nest  
  59  4:37  Queen  
  63  4:39  Queen  
  63  4:45  Zergling x6  
  68  4:46  Zergling x2  
  68  4:50  Zergling x4  
  71  4:55  Lair  
  71  4:56  Zergling x2  
  71  4:57  Zergling x4  
  74  5:00  Zergling x4  
  74  5:03  Zergling x6  
  79  5:08  Extractor  
  79  5:11  Zergling x6  
  66  5:27  Drone x6  
  66  5:35  Drone x2  
  68  5:36  Evolution Chamber  
  68  5:38  Drone  
  68  5:42  Drone  
  69  5:47  Hatchery  
  68  5:51  Drone x2  
  68  5:54  Centrifugal Hooks  
  68  5:56  Zerg Melee Weapons Level 1  
  70  5:58  Drone x3  
  70  5:59  Extractor x2  
  70  6:00  Zergling x4  
  70  6:02  Queen  
  75  6:04  Zergling x8  
  75  6:09  Overlord  
  75  6:10  Zergling x4  
  81  6:11  Overseer  
  81  6:14  Zergling x6  
  84  6:19  Zergling x4  
  86  6:26  Drone  
  86  6:29  Overlord  
  87  6:35  Zergling x2  
  87  6:36  Zergling x14  
  95  6:40  Drone  
  95  6:41  Drone x2  
  95  6:46  Zerg Ground Armor Level 2  
  98  6:48  Zergling x6  
  98  6:50  Baneling  
  98  6:51  Baneling  
  101  6:56  Overlord  
  101  6:59  Zergling x12  
  101  7:00  Overlord  
  101  7:01  Overlord  
  105  7:09  Overlord  
  105  7:15  Zergling x14  
  112  7:20  Zergling x2  
  113  7:27  Baneling  
  113  7:28  Baneling x10  
  113  7:34  Zergling x18  
  116  7:38  Zergling x10  
  116  7:42  Zergling x4  
  123  7:49  Zergling x2  
  123  7:50  Zergling x2  
  121  7:55  Spore Crawler  
  119  8:01  Zergling x20  
  122  8:06  Zergling x8  
  120  8:13  Overseer  
  120  8:16  Zergling x8  
  124  8:22  Zergling x4  
  124  8:25  Zerg Melee Weapons Level 2  
  126  8:28  Drone x7  
  126  8:32  Hydralisk Den  
  126  8:34  Drone  
  133  8:36  Extractor  
  128  8:42  Extractor  
  128  8:48  Zergling x16  
  135  8:56  Overlord x3  
  135  9:01  Drone x8  
  143  9:07  Spore Crawler  
  143  9:09  Zergling x12  
  143  9:16  Grooved Spines  
  138  9:18  Hydralisk x5  
  138  9:22  Overseer  
  145  9:30  Hydralisk x3  
  151  9:33  Drone x4  
  143  9:40  Zergling x6  
  143  9:43  Baneling x6  
  138  9:47  Hatchery  
  138  9:49  Zergling x8  
  133  9:54  Hatchery  
  133  9:57  Zergling x6  
  135  10:02  Zergling x2  
  131  10:09  Zergling x8  
  132  10:15  Zergling x6  
  132  10:16  Spore Crawler  
  132  10:17  Baneling  
  132  10:18  Baneling x11  
  132  10:19  Zergling x6  
  137  10:26  Zergling x4  
Show
View Real Time Build Order
Export as new Build Order

Oliveira Terran - Winner!

Build Orders:  

Get SALT Encoding   

  12  0:00  SCV  
  13  0:12  SCV  
  14  0:18  Supply Depot  
  14  0:24  SCV  
  15  0:40  SCV  
  15  0:42  Barracks  
  16  0:44  Refinery  
  16  0:52  SCV  
  17  1:02  Barracks  
  18  1:04  SCV  
  18  1:16  SCV  
  19  1:28  Reaper  
  19  1:29  Orbital Command  
  19  1:32  Supply Depot  
  20  1:49  Reaper  
  21  1:54  SCV  
  22  2:05  Reaper  
  22  2:07  SCV  
  24  2:11  Command Center  
  24  2:19  SCV  
  25  2:24  Barracks Reactor  
  25  2:26  Barracks  
  25  2:31  SCV  
  25  2:36  Barracks  
  26  2:38  Barracks Tech Lab  
  26  2:43  SCV  
  27  2:57  Marine  
  29  2:58  SCV  
  29  3:00  Marine x2  
  29  3:03  Refinery  
  31  3:11  Stimpack  
  31  3:12  SCV  
  29  3:15  Marine  
  29  3:19  Marine  
  31  3:21  Barracks Tech Lab  
  31  3:22  Marine  
  31  3:24  Orbital Command  
  31  3:25  Marine  
  33  3:28  SCV  
  33  3:32  Marine  
  35  3:37  Marine  
  35  3:39  Marine  
  35  3:40  Marine  
  35  3:41  Combat Shield  
  38  3:43  SCV  
  38  3:47  Supply Depot  
  39  3:50  SCV  
  39  3:52  Marine  
  42  3:55  Marine, SCV  
  42  3:58  Marine  
  42  4:00  Marine x2  
  46  4:08  Supply Depot  
  46  4:09  SCV  
  47  4:10  SCV  
  47  4:11  Marine  
  47  4:15  Supply Depot  
  47  4:16  Marine  
  50  4:20  Marine  
  50  4:21  SCV  
  50  4:22  SCV  
  53  4:24  Marine  
  53  4:28  Factory  
  53  4:31  Marine  
  54  4:35  Supply Depot, SCV  
  54  4:36  Marine  
  57  4:38  SCV  
  57  4:41  Marine  
  59  4:47  Marine x2  
  59  4:49  SCV  
  59  4:50  SCV  
  59  4:51  Engineering Bay  
  63  4:53  Barracks Reactor  
  63  5:01  Supply Depot, Marine, SCV  
  64  5:08  Marine, SCV  
  64  5:10  Marine, Supply Depot  
  67  5:19  Factory Reactor, Marine, Starport  
  67  5:21  Marine  
  62  5:23  SCV  
  62  5:26  Marine  
  62  5:28  Marine  
  54  5:29  SCV  
  54  5:30  Terran Infantry Weapons Level 1  
  54  5:34  Marine, Refinery  
  56  5:35  SCV  
  56  5:36  Marine  
  56  5:37  Marine  
  56  5:41  SCV  
  56  5:42  Marine  
  60  5:44  Marine  
  60  5:46  Marine  
  60  5:49  Command Center  
  63  5:51  SCV  
  63  5:52  Marine  
  63  5:53  Marine  
  63  5:56  SCV  
  67  6:01  Medivac x2  
  67  6:02  Factory Reactor  
  67  6:03  Marine  
  72  6:09  SCV x2  
  72  6:10  Barracks  
  74  6:13  Refinery  
  74  6:15  Marine x2  
  74  6:16  Marine x2  
  78  6:22  Marine  
  78  6:24  SCV  
  80  6:29  Marine  
  80  6:31  Medivac x2  
  85  6:38  Marine x2  
  85  6:39  Widow Mine  
  91  6:40  Widow Mine  
  91  6:42  Marine  
  91  6:43  Armory, Marauder, Engineering Bay  
  94  6:50  Supply Depot  
  94  6:54  Supply Depot  
  94  6:59  Barracks Reactor  
  94  7:01  Marauder, Marine x2  
  98  7:03  Orbital Command  
  98  7:08  Marine  
  99  7:14  Medivac x2, Widow Mine x2  
  107  7:15  Marine  
  107  7:18  Marine, SCV  
  107  7:20  Supply Depot  
  110  7:23  SCV  
  110  7:24  Marine x2, Terran Infantry Armor Level 1, Concussive Shells  
  110  7:28  Marine  
  114  7:31  Orbital Command  
  112  7:42  Marine  
  113  7:46  Widow Mine x2  
  113  7:49  SCV, Marine  
  113  7:50  SCV  
  117  7:51  Terran Infantry Weapons Level 2  
  117  7:52  Supply Depot  
  117  7:56  Marine x2  
  119  8:03  Marine x3  
  119  8:04  Marauder  
  119  8:05  Medivac x2  
  118  8:09  Marine  
  118  8:10  SCV x3  
  119  8:15  Marine x3  
  119  8:17  Widow Mine  
  124  8:22  SCV  
  124  8:23  Marine x2  
  124  8:25  SCV, Supply Depot  
  124  8:26  Marine  
  129  8:27  SCV  
  129  8:32  Marine x2  
  132  8:34  Marine x2  
  132  8:36  Widow Mine  
  132  8:41  Marine x2  
  133  8:42  Widow Mine  
  133  8:44  Marine  
  133  8:45  Marine  
  139  8:49  Marine  
  139  8:50  Medivac  
  139  8:51  Medivac  
  139  8:53  Marine  
  139  8:54  Marine  
  139  8:55  Marauder  
  148  8:56  SCV  
  149  9:03  Marine, Supply Depot  
  149  9:04  Supply Depot  
  149  9:09  Marine  
  148  9:11  Marine  
  149  9:20  Marine  
  149  9:22  Command Center, Sensor Tower  
  149  9:24  Marine x2  
  149  9:25  Widow Mine x2, SCV  
  149  9:26  Marauder, Supply Depot  
  149  9:28  Marine x2  
  149  9:30  Marine  
  149  9:31  Marauder  
  163  9:35  Medivac  
  165  9:47  Medivac, Marine x3  
  165  9:48  Marine  
  165  9:50  SCV  
  165  9:51  SCV  
  164  9:58  Marine x2  
  170  10:00  SCV, Widow Mine x2  
  170  10:02  Factory, SCV, Refinery  
  168  10:11  Marauder, Marine x3  
  172  10:16  Marine  
  172  10:20  Supply Depot  
  172  10:21  Marauder, Marine, Supply Depot  
Tags
 
Add a new tag
Caveats
  • Supply blocks, unpowered buildings, or Contaminate may cause inaccurate times.
  • Supply counts are checked every 10 seconds.